 Dungeon Crawl Stone Soup version 0.13.1-2-gfb2c2b7 (webtiles) character file.

276 Lilouch the Cutter (level 5, 0/32 HPs)
             Began as a Kobold Chaos Knight on Dec 4, 2013.
             Was a Plaything of Xom.
             Succumbed to an adder's poison
             ... on Level 3 of the Dungeon.
             The game lasted 00:13:33 (2491 turns).

Lilouch the Cutter (Kobold Chaos Knight)            Turns: 2491, Time: 00:13:33

HP   0/32        AC  4     Str 13      XL: 5   Next: 59%
MP   5/5         EV 16     Int 10      God: Xom
Gold 125         SH  0     Dex 14      Spells:  0 memorised,  4 levels left

Res.Fire  : . . .   See Invis. : .   a - +0 short sword (chaos)
Res.Cold  : . . .   Warding    : .   j - +2 robe {MR+}
Life Prot.: . . .   Conserve   : .   (no shield)
Res.Poison: .       Res.Corr.  : .   (no helmet)
Res.Elec. : .       Clarity    : .   (no cloak)
Sust.Abil.: . .     Spirit.Shd : .   (no gloves)
Res.Mut.  : .       Stasis     : .   (no boots)
Res.Rott. : .       Flight     : .   (no amulet)
Saprovore : + + .                    (no ring)
                                     (no ring)

@: mildly poisoned, somewhat resistant to hostile enchantments, stealthy
A: disease resistance, carnivore 3, saprovore 2
a: Renounce Religion


You were on level 3 of the Dungeon.
You worshipped Xom.
You were a toy of Xom.
You were full.

You visited 1 branch of the dungeon, and saw 4 of its levels.

You collected 105 gold pieces.

Inventory:

Hand weapons
 a - a +0,+0 short sword of chaos (weapon)
 g - a +2,+1 short sword of speed
Missiles
 k - 20 sling bullets
Armour
 b - a +2 leather armour
 j - a +2 robe of magic resistance (worn)
Magical devices
 i - a wand of digging (7)
 r - a wand of random effects (13) {unknown}
Comestibles
 c - a meat ration
 m - a royal jelly
Scrolls
 d - a scroll of blinking {unknown}
 e - a scroll of remove curse {unknown}
 f - 2 scrolls of identify {unknown}
 n - a scroll of fog {unknown}
 o - a scroll of curse jewellery {unknown}
 q - 2 scrolls of teleportation {unknown}
 s - a scroll of noise {unknown}
 u - a scroll of magic mapping {unknown}
Jewellery
 h - an uncursed amulet of resist corrosion {unknown}
Potions
 p - 2 potions of heal wounds {unknown}
 t - a potion of invisibility


   Skills:
 - Level 3.2 Fighting
 + Level 5.0 Short Blades
 + Level 2.2 Armour
 + Level 3.7 Dodging
 + Level 3.2 Stealth


You had 4 spell levels left.
You didn't know any spells.

Dungeon Overview and Level Annotations

Branches:
Dungeon (4/27)
 Temple: D:4-7

Altars:

Annotations:
D:3 Ijyb


Innate Abilities, Weirdness & Mutations

You recuperate from illness quickly.
You are small and have problems with some larger weapons.
You are carnivorous and can eat meat at any time.
You can eat rotten meat.


Message History

You start resting.
* * * LOW HITPOINT WARNING * * *
You feel sick.
You start resting.
* * * LOW HITPOINT WARNING * * *
You feel sick.
You start resting.
* * * LOW HITPOINT WARNING * * *
You feel sick.
You start resting.
* * * LOW HITPOINT WARNING * * *
You feel sick.
You start resting.
* * * LOW HITPOINT WARNING * * *
You feel sick.
You start resting.
* * * LOW HITPOINT WARNING * * *
You feel sick.
You die...
Xom chuckles heartily!

#.# #.# #.# # #..
.# #.####.##
#.#.....
#####.#.#.###
.#.##...........#
..<.....@..>..#
.####.###.#...#
.......#
###.#.....
#...#.#.#
#.......#
........#
#.#.#.#. ..#.#


There were no monsters in sight!

Vanquished Creatures
  3 adders
  A giant mite (D:3)
  A gnoll (D:4)
  A worm (D:2)
  2 giant geckos
  An ooze (D:2)
  11 bats
  6 giant cockroaches
  8 goblins
  10 hobgoblins
  8 kobolds
  4 giant newts
  13 jackals
  12 rats
81 creatures vanquished.

Vanquished Creatures (collateral kills)
  Sigmund (D:2)
1 creature vanquished.

Grand Total: 82 creatures vanquished

Notes
Turn   | Place    | Note
--------------------------------------------------------------
     0 | D:1      | Lilouch, the Kobold Chaos Knight, began the quest for the Orb.
     0 | D:1      | Reached XP level 1. HP: 12/12 MP: 1/1
   111 | D:1      | XOM: divination: detect items
   112 | D:1      | Reached skill level 1 in Stealth
   144 | D:1      | Reached skill level 1 in Armour
   144 | D:1      | Reached XP level 2. HP: 15/17 MP: 2/2
   175 | D:1      | XOM: harmless Hex miscast
   370 | D:1      | XOM: divination: detect items
   395 | D:1      | XOM: mild Fire miscast
   410 | D:1      | You fall through a shaft!
   430 | D:2      | Reached XP level 3. HP: 16/22 MP: 3/3
   565 | D:2      | Noticed Sigmund
   619 | D:2      | XOM: cast spell 'Summon Dragon'
   623 | D:2      | Killed Sigmund
   623 | D:2      | Reached XP level 4. HP: 4/27 MP: 4/4
  1081 | D:2      | Reached skill level 5 in Short Blades
  1293 | D:2      | Reached XP level 5. HP: 32/32 MP: 5/5
  1775 | D:1      | XOM: 8-stop teleportation journey
  1797 | D:1      | XOM: harmless Pois miscast
  1941 | D:1      | XOM: colour smoke trail
  2318 | D:3      | Noticed Ijyb
  2378 | D:3      | You fall through a shaft!
  2449 | D:3      | XOM: summons 2 hostile shadow creatures
  2485 | D:3      | HP: 1/32 [poisoned by an adder]
  2491 | D:3      | Succumbed to an adder's poison

Action                   |  1- 3 |  4- 6 || total
-------------------------+-------+-------++-------
Melee: Short sword       |    73 |   221 ||   294
  Use: Potion            |       |     2 ||     2
 Stab: Sleeping          |     2 |     4 ||     6
       Petrifying        |       |     1 ||     1
